 Dungeon Crawl Stone Soup version 0.20.1-1-g8b1a95d (webtiles) character file.

128 Oakoak the Chopper (level 5, 0/33 HPs)
             Began as a Tengu Berserker on Sept 1, 2017.
             Was a Believer of Trog.
             Hit by a tomahawk thrown by an orc (3 damage)
             ... on level 3 of the Dungeon.
             The game lasted 00:11:03 (2240 turns).

Oakoak the Chopper (Tengu Berserker)                Turns: 2240, Time: 00:11:04

Health: 0/33       AC:  6    Str: 19    XL:     5   Next: 11%
Magic:  6/6        EV: 11    Int:  7    God:    Trog [**....]
Gold:   138        SH:  3    Dex:  9    Spells: 4/4 levels left

rFire    . . .     SeeInvis .   a - +0 hand axe
rCold    . . .     Gourm    .   (no shield)
rNeg     . . .     Faith    .   o - +0 ring mail (curse)
rPois    +         Spirit   .   (helmet restricted)
rElec    .         Reflect  +   c - +0 cloak
rCorr    .         Harm     .   (no gloves)
MR       .....     Clarity  +   (boots unavailable)
Stlth    ..........             k - +3 amulet of reflection
Regen    0.2/turn               p - ring of poison resistance
MPRegen  0.1/turn               (no ring)

@: heavily drained
A: beak, talons 3, clarity, clumsy 2, able to fly 1
a: Fly, Berserk, Trog's Hand, Burn Spellbooks, Renounce Religion


You were on level 3 of the Dungeon.
You worshipped Trog.
Trog was pleased with you.
You were not hungry.

You visited 1 branch of the dungeon, and saw 3 of its levels.

You collected 138 gold pieces.

Inventory:

Hand Weapons
 a - a +0 hand axe (weapon)
Armour
 b - a +0 animal skin
 c - a +0 cloak (worn)
 o - a cursed +0 ring mail (worn)
 q - a +0 helmet
Jewellery
 i - an uncursed amulet of magic regeneration
 k - a +3 amulet of reflection (around neck)
 p - a ring of poison resistance (left hand)
 u - an uncursed amulet of harm
Wands
 t - a wand of acid (2/15)
Scrolls
 d - 5 scrolls of remove curse {unknown}
 f - 2 scrolls of fear {unknown}
 g - 2 scrolls of teleportation {unknown}
 n - a scroll of enchant weapon {unknown}
Potions
 e - a potion of heal wounds
 h - 2 potions of curing {unknown}
 j - a potion of mutation
 l - a potion of lignification {unknown}
 m - a potion of resistance {unknown}
 r - a potion of agility {unknown}
 v - a potion of magic {unknown}
Comestibles
 s - a chunk of flesh


   Skills:
 + Level 3.9(2.5) Fighting
 + Level 4.7(3.3) Axes
 + Level 3.1(1.7) Armour
 + Level 2.5(1.2) Dodging
 + Level 0.7(0.0) Stealth


You had 4 spell levels left.
You didn't know any spells.

Dungeon Overview and Level Annotations

Branches:
Dungeon (3/15)

Altars:
The Shining One


Innate Abilities, Weirdness & Mutations

You have a beak for a mouth.
You have claws for feet.
You can fly.
You possess an exceptional clarity of mind.
You are very clumsy. (Dex -4)


Message History

You hit the orc priest but do no damage.
Your kick misses the orc priest. You hit the orc.
The orc is severely wounded.
You hit the orc. You hit the goblin. The goblin misses you.
The orc priest invokes the aid of Beogh against you.
Beogh smites you! The orc hits you but does no damage. The orc misses you.
You are too injured to fight recklessly!
You are too injured to fight recklessly!
You are too injured to fight recklessly!
You are too injured to fight recklessly!
You closely miss the goblin. Your kick misses the goblin.
Your peck misses the goblin.
The goblin is heavily wounded.
The goblin barely misses you.
The orc priest calls down the wrath of Beogh upon you.
Beogh smites you!
* * * LOW HITPOINT WARNING * * *
The orc throws a tomahawk.
The tomahawk hits you.
You die...

#........#..........#
#........#..........###
#........#..............
#........#......###.####
#........#......# .#
#........#......# .#
#........####..##
###.....(..# ##.#
.......##### #@##
.......# #g.# .......#
##.## ######## #oo# ##'#
#......o.......
#..............
#..............
#..............


You could see an orc priest, 2 orcs and a goblin.

Vanquished Creatures
  An orc priest (D:3)
  Crazy Yiuf (D:3)
  2 adders (D:2)
  A worm (D:3)
  A dart slug (D:2)
  A leopard gecko (D:3)
  An orc (D:3)
  8 bats
  2 giant cockroaches
  4 goblins
  5 hobgoblins
  2 jackals (D:1)
  A quokka (D:2)
  5 frilled lizards
  6 kobolds
  4 rats
45 creatures vanquished.

Notes
Turn   | Place    | Note
-------+----------+-------------------------------------------
     0 | D:1      | Oakoak the Tengu Berserker began the quest for the Orb.
     0 | D:1      | Reached XP level 1. HP: 14/14 MP: 2/2
   552 | D:1      | Reached XP level 2. HP: 19/19 MP: 3/3
  1090 | D:2      | Reached XP level 3. HP: 11/23 MP: 4/4
  1090 | D:2      | Reached skill level 4 in Axes
  1102 | D:2      | Gained mutation: You are clumsy. (Dex -2) [potion of mutation]
  1102 | D:2      | Gained mutation: You are very clumsy. (Dex -4) [potion of mutation]
  1102 | D:2      | Gained mutation: You possess an exceptional clarity of mind. [potion of mutation]
  1421 | D:2      | Found a glowing golden altar of the Shining One.
  1756 | D:2      | Reached ** piety under Trog
  1783 | D:3      | Reached XP level 4. HP: 29/29 MP: 5/5
  1886 | D:3      | Found a runed door.
  1890 | D:3      | Noticed Crazy Yiuf
  1896 | D:3      | Killed Crazy Yiuf
  2190 | D:3      | Gained mutation: You can fly. [Tengu growth]
  2190 | D:3      | Reached XP level 5. HP: 33/33 MP: 6/6
  2240 | D:3      | Hit by a tomahawk thrown by an orc

Skill      XL: |  1  2  3  4 |
---------------+-------------+-----
Axes           | 4 |  4.7
Armour         | 3 |  3.1
Fighting       | |  3.9
Dodging        | |  2.5
Stealth        | |  0.7

Action                   |  1- 3 |  4- 6 || total
-------------------------+-------+-------++-------
Melee: Hand axe          |    70 |    26 ||    96
       Kick              |    10 |     6 ||    16
       Peck              |     8 |       ||     8
Invok: Berserk           |     1 |     2 ||     3
       Trog's Hand       |       |     1 ||     1
Evoke: Wand              |       |     1 ||     1
  Use: Potion            |     2 |       ||     2
 Stab: Sleeping          |     1 |       ||     1
  Eat: Chunk             |     3 |     1 ||     4
       Bread ration      |       |     1 ||     1
Armor: Animal skin       |    14 |       ||    14
       Ring mail         |    12 |    13 ||    25
Dodge: Dodged            |    41 |    20 ||    61
Block: Other             |     2 |     4 ||     6
